 Dungeon Crawl Stone Soup version 0.30-a0-757-ga6a79fd877 (webtiles) character file.

Game seed: 10937899256978208354

33 theblackgale the Firebug (level 3, 0/24 HPs)
             Began as a Demonspawn Fire Elementalist on Feb 9, 2023.
             Succumbed to their own poison gas
             ... on level 2 of the Dungeon.
             The game lasted 00:08:38 (1280 turns).

theblackgale the Firebug (DsFE)                     Turns: 1280, Time: 00:08:38

Health: 0/24       AC:  2    Str:  8    XL:     3   Next: 12%
Magic:  6/6        EV: 12    Int: 18    God:
Gold:   32         SH:  0    Dex: 13    Spells: 5/6 levels left

rFire   . . .      SeeInvis .    d - +2 dagger (drain)
rCold   . . .      Faith    .    (no shield)
rNeg    . . .      Spirit   .    a - +0 robe
rPois   .          Reflect  .    (helmet restricted)
rElec   .          Harm     .    (no cloak)
rCorr   .          Rampage  .    (no gloves)
Will    .....                    (no boots)
Stlth   ++                       (no amulet)
HPRegen 0.24/turn                (no ring)
MPRegen 0.10/turn                (no ring)

@: lethally poisoned (0 -> -33)
A: horns 2
a: no special abilities


You were on level 2 of the Dungeon.
You visited 1 branch of the dungeon, and saw 2 of its levels.

You collected 32 gold pieces.

Inventory:

Hand Weapons
 d - a +2 dagger of draining (weapon)
Armour
 a - a +0 robe (worn)
Potions
 c - 3 potions of heal wounds


   Skills:
 + Level 0.2 Short Blades
 + Level 1.9 Dodging
 + Level 2.2 Stealth
 + Level 2.4 Spellcasting
 + Level 1.1 Conjurations
 + Level 3.1 Fire Magic


You had 5 spell levels left.
You knew the following spells:

 Your Spells              Type           Power      Damage    Failure   Level
a - Foxfire               Conj/Fire      36%        2x1d5     7%          1

Your spell library contained the following spells:

 Spells                   Type           Power      Damage    Failure   Level
 Scorch                   Fire           26%        2d6       7%          2
 Shock                    Conj/Air       16%        1d4       14%         1
 Inner Flame              Hex/Fire       7%         N/A       26%         3
 Kindle Blastsparks       Fire/Tloc/Air  10%        2d10      34%         3
 Swiftness                Air            2%         N/A       45%         3
 Flame Wave               Conj/Fire      9%         2d6       56%         4
 Airstrike                Air            1%         2d(1-17)  86%         4


Dungeon Overview and Level Annotations

Branches:
Dungeon (2/15)

Altars:


Innate Abilities, Weirdness & Mutations

You have a pair of horns on your head.


Message History

You see here 9 gold pieces.
The dart slug bites you.
You see here a scroll of poison.
e - a scroll of poison The dart slug launches a dart at you.
The slug dart misses you.
Casting: Foxfire (safe; 7% risk of failure)
Confirm with . or Enter, or press ? or * to list all spells.
You conjure some foxfire!
You hit the dart slug. You drain the dart slug.
You kill the dart slug!
Your foxfire dissipates!
You now have 32 gold pieces (gained 9).
HP restored.
Found a stone staircase leading down.
Found a scroll labelled XIAXUI YDAFFEPT.
f - a scroll labelled XIAXUI YDAFFEPT An orc comes into view.
It is wielding a +0 club.
The orc shouts!
You hear a shout!
The orc throws a stone.
The stone hits you.
As you read the scroll labelled XIAXUI YDAFFEPT, it crumbles to dust.
You feel aware of your surroundings.
It was a scroll of magic mapping.
The air fills with toxic fumes!
As you read the scroll of poison, it crumbles to dust.
The orc throws a stone.
The stone hits you but does no damage. Magic courses through your body.
An orc is nearby!
An orc is nearby!
You are now empty-handed.
You sense an unholy aura.
d - a +2 dagger of draining (weapon)
Unknown command.
You aren't carrying any scrolls.
Really walk into that cloud of poison gas?
You are engulfed in poison gas.
You are poisoned.
You feel very sick.
You are engulfed in poison gas.
You are lethally poisoned!
* * * LOW HITPOINT WARNING * * *
You die...

**#....,* *,+....,##########
*,#.....#§.......#
******,#§....#§###.##.### *******
,,,,,,,.§§...§§........># *,,,,,,
******,.§§§###§#.#.##.#.# *,*#***
*****#§§§§§§#.#.##.#.# *,.,,,,
*,,,*#§§§§§§#.#.##.#.# *.#*,**
****,,,##§§§§§§#@#§##§#.###.##.**
,,,+,,,.§§§§§§.§§§§§§§.........,,
****,,,##§§§§§§#§#§###.........,,
,,,,,,,.§§§###§#.#.#*#.........**
****,**##..,*#§#.#,.,#..#.#####*
****,****,,,*#o#.#.###..#.#
,,,,,,,,,,,,,§§#.#.###..#.####***
,,,,,,,,,,,,,§§................,,
**,,,,,,*,,,*§§........†.....##**


There were no monsters in sight!

Vanquished Creatures
  An adder (D:2)
  A dart slug (D:2)
  A bat (D:1)
  2 endoplasms
  3 goblins
  3 hobgoblins (D:2)
  A quokka (D:1)
  3 ball pythons
  A frilled lizard (D:1)
  3 kobolds
  2 rats
21 creatures vanquished.

Vanquished Creatures (others)
  50 foxfires
50 creatures vanquished.

Grand Total: 71 creatures vanquished

Notes
Turn   | Place    | Note
-------+----------+-------------------------------------------
     0 | D:1      | theblackgale the Demonspawn Fire Elementalist began the
                  | quest for the Orb.
     0 | D:1      | Reached XP level 1. HP: 13/13 MP: 3/3
   283 | D:1      | Discovered your monstrous ancestry.
   283 | D:1      | Gained mutation: You have a pair of small horns on your
                  | head. [demonic ancestry]
   283 | D:1      | Reached XP level 2. HP: 19/19 MP: 0/5
   681 | D:2      | Reached skill level 3 in Fire Magic
  1217 | D:2      | Gained mutation: You have a pair of horns on your head.
                  | [demonic ancestry]
  1217 | D:2      | Reached XP level 3. HP: 24/24 MP: 0/6
  1280 | D:2      | Succumbed to their own poison gas

Illustrated notes

Levels and vault maps discovered:
D:1:      scummos_arrival_simple_fountains, layout_basic
D:2:      layout_basic, hex_tiny, grunt_decor_fettered

Skill      XL: |  1  2 |
---------------+-------+-----
Stealth        | 2 |  2.2
Fire Magic     | 3 |  3.1
Short Blades   | |  0.2
Dodging        | |  1.9
Spellcasting   | |  2.4
Conjurations   | |  1.1

Action                     || total
---------------------------++-------
  Melee: Unarmed           ||     3
         Dagger            ||     5
         Headbutt          ||     2
   Cast: Foxfire           ||    30
    Use: Potion            ||     6
         Scroll            ||     3
   Stab: Sleeping          ||     1
 Armour: Robe              ||     6
  Dodge: Dodged            ||    10

Table legend: (Time is in decaauts)
 A = Elapsed time spent in this place.
 B = Non-inter-level travel time spent in this place.
 C = Inter-level travel time spent in this place.
 D = Time resting spent in this place.
 E = Time spent auto-exploring this place.
 F = Levels seen in this place.
 G = Mean time per level.
                   A        B        C        D        E       F      G
               +--------+--------+--------+--------+--------+-----+--------+
         Total |   1265 |    473 |    792 |    299 |      0 |   2 |  632.5 |
       Dungeon |   1265 |    473 |    792 |    299 |      0 |   2 |  632.5 |
               +--------+--------+--------+--------+--------+-----+--------+

Top non-repeatable levels by time:
     D:1: 633 daAuts
     D:2: 631 daAuts
